[Event "1000GM MLK Day RR IM-Norm 2024"]
[Site "Sunnyvale"]
[Date "2024.01.21"]
[Round "7.5"]
[White "Delgado Ramirez, Neuris"]
[Black "Arenas, David"]
[Result "1/2-1/2"]
[ECO "C96"]
[WhiteElo "2517"]
[BlackElo "2406"]
[Annotator "TA"]
[PlyCount "50"]
[EventDate "2024.01.12"]
[EventType "tourn"]
[EventCountry "USA"]
[SourceTitle "playchess.com"]
[Source "ChessBase"]
[SourceQuality "1"]
[TimeControl "5400+30"]

1. e4 e5 2. Nf3 Nc6 3. Bb5 a6 4. Ba4 Nf6 5. O-O Be7 6. Re1 b5 7. Bb3 d6 8. c3 O-O 9. h3 Na5 10. Bc2 c5 11. d3 Qc7 12. Nbd2 Nc6 13. Nf1 {[%emt 0:00:51] C96: Closed Ruy Lopez: Chigorin Defence: 11 d4, replies other than 11...Qc7.} h6 14. Ng3 Re8 15. a4 {[%emt 0:01:40] Threatens to win with axb5.} Be6 16. Nh4 Bf8 {[%emt 0:01:08] [#]} 17. Nhf5 $146 ({Predecessor:} 17. Qf3 Nd7 18. Nhf5 Kh7 19. Bd2 g6 20. Ne3 Bg7 21. Nd5 Qb7 22. a5 Ne7 23. Ne3 {1-0 Dovletov,H (2137)-Valkama,E (2179) World School-ch U17 11th 2015 (6)}) 17... Kh7 18. axb5 axb5 {[%emt 0:00:05] The position is equal.} 19. Rxa8 Rxa8 20. d4 cxd4 {[%emt 0:05:31] [#]} 21. Nxd4 $1 Nxd4 22. cxd4 Ra1 23. Bd3 (23. d5 $5 Bd7 24. Qd3 $14) 23... Bc4 {[%emt 0:01:07] aiming for ...Bxd3.} 24. Qc2 Qa5 (24... exd4 $2 25. e5+ g6 26. exf6 $18) 25. Rd1 (25. Rf1 $5 ) 25... Bxd3 {[%emt 0:00:17] A rather calm draw.   Weighted Error Value: White=0.11 (very precise) /Black=0.09 (flawless)} 1/2-1/2

[Event "1000GM MLK Day RR IM-Norm 2024"]
[Site "Sunnyvale"]
[Date "2024.01.21"]
[Round "8.1"]
[White "Deng, Henry"]
[Black "Arenas, David"]
[Result "0-1"]
[ECO "B23"]
[WhiteElo "2281"]
[BlackElo "2406"]
[Annotator "RC"]
[PlyCount "118"]
[EventDate "2024.01.12"]
[EventType "tourn"]
[EventCountry "USA"]
[SourceTitle "playchess.com"]
[Source "ChessBase"]
[SourceQuality "1"]
[TimeControl "5400+30"]

1. e4 c5 2. Nc3 d6 3. Bb5+ Bd7 4. Bxd7+ Qxd7 5. d4 cxd4 6. Qxd4 Nc6 7. Qd3 g6 8. Nf3 Bg7 9. O-O Nf6 10. Nd5 O-O 11. c3 Nh5 12. Nf4 Nxf4 13. Bxf4 Rac8 14. Rad1 Qc7 15. Rfe1 a6 16. Qd5 Rfd8 17. h4 e6 18. Qd3 Qa5 19. a3 d5 20. Qe2 d4 21. cxd4 Nxd4 22. Nxd4 Rxd4 23. Rxd4 Bxd4 24. Rd1 Qb6 25. b4 h5 26. Bc1 e5 27. Kf1 Qf6 28. Bg5 Qe6 29. Rc1 Rxc1+ 30. Bxc1 Qb3 31. Qd2 b5 32. Ke2 Qc4+ 33. Kf3 Qe6 34. Qg5 Qb3+ 35. Ke2 Qc2+ 36. Bd2 Qxe4+ 37. Kf1 Qb1+ 38. Ke2 Qc2 39. Ke1 Bc3 40. Bxc3 Qxc3+ 41. Ke2 Qxa3 42. Qd8+ Kg7 43. Qd6 Qb2+ 44. Kf1 Qd4 45. Qxd4 exd4 46. Ke2 Kf6 47. Kd3 Ke5 48. f3 f5 49. g3 f4 50. gxf4+ Kxf4 51. Kxd4 Kxf3 52. Kc5 Kg4 53. Kb6 Kxh4 54. Kxa6 g5 55. Kxb5 g4 56. Kc6 g3 57. b5 g2 58. b6 g1=Q 59. b7 Qg3 0-1

[Event "1000GM MLK Day RR IM-Norm 2024"]
[Site "Sunnyvale"]
[Date "2024.01.21"]
[Round "8.2"]
[White "Tang, Dylan"]
[Black "Delgado Ramirez, Neuris"]
[Result "0-1"]
[ECO "B55"]
[WhiteElo "2206"]
[BlackElo "2517"]
[Annotator "TA"]
[PlyCount "92"]
[EventDate "2024.01.12"]
[EventType "tourn"]
[EventCountry "USA"]
[SourceTitle "playchess.com"]
[Source "ChessBase"]
[SourceQuality "1"]
[TimeControl "5400+30"]

1. e4 c5 2. Nf3 d6 3. d4 cxd4 4. Nxd4 Nf6 5. f3 e5 6. Nb3 Be6 7. c4 a5 ({Resist} 7... Nxe4 8. fxe4 Qh4+ 9. Kd2 $16) 8. Be3 a4 9. Nc1 Nc6 {[%emt 0:01:50] The position is equal.} 10. Nc3 Qa5 11. Qd2 Be7 12. Bd3 O-O 13. O-O Bd8 14. Nd5 Qxd2 15. Bxd2 Nd7 16. b4 axb3 17. Nxb3 Ra4 18. Rfc1 h6 19. g3 Bxd5 20. cxd5 Nd4 21. Kf2 Bb6 22. Be3 $1 Rfa8 {[%emt 0:00:00] White must now prevent ...Nxb3.} 23. Bxd4 Bxd4+ ({Much weaker is} 23... Rxa2+ 24. Rxa2 Rxa2+ 25. Kf1 exd4 26. Rc8+ Nf8 27. e5 dxe5 28. d6 $11) 24. Nxd4 Rxd4 25. Ke2 Nc5 $36 {[%emt 0:00:00][%mdl 2048] Black has the initiative.} 26. Rc3 g5 27. g4 Kg7 28. Bc2 {[%emt 0:00:00] [#]} (28. a3 $142) 28... h5 $1 {[%emt 0:00:00][%mdl 512] Strongly threatening ...hxg4. Black is more active.} 29. h3 (29. gxh5 b5) 29... hxg4 30. hxg4 b5 31. a3 (31. Re3 $17 {might work better.}) 31... b4 $19 32. axb4 Nxe4 33. Rxa8 Nxc3+ {[%emt 0:00:00][%mdl 4096] Endgame KRB-KRN} 34. Ke1 Nxd5 ({Black should play} 34... Rxb4 35. Ra6 Rf4) 35. b5 $17 Ne3 36. Be4 (36. Ra2 $15) 36... d5 37. b6 $2 {[%emt 0:00:00][%mdl 8192] Now White is beyond hope.} dxe4 $19 {[%emt 0:00:00] KRN-KR} 38. b7 {[%emt 0:00:00] [#]} Rb4 $1 (38... exf3 $2 39. b8=Q (39. b8=B $2 {loses.} Nxg4 40. Ra1 Rb4 $19) 39... Nxg4 40. Qg8+ Kf6 41. Ra6+ Kf5 42. Qxf7+ Ke4 43. Ra5 $18) 39. b8=Q $2 {[%emt 0:00:00] Repels exf3} (39. Ke2 $19 Rxb7 40. Kxe3) 39... Rxb8 40. Rxb8 exf3 {[%emt 0:00:00] KR-KN} 41. Kf2 Nxg4+ 42. Kxf3 f5 43. Rb6 Nf6 44. Kf2 Kg6 45. Kg2 g4 46. Kf2 f4 {[%emt 0:00:00] Weighted Error Value: White=0.48/Black=0.31} 0-1

[Event "1000GM MLK Day RR IM-Norm 2024"]
[Site "Sunnyvale"]
[Date "2024.01.21"]
[Round "8.3"]
[White "Guo, Ethan"]
[Black "Chiang, Jacob"]
[Result "1-0"]
[ECO "B67"]
[WhiteElo "2099"]
[BlackElo "2200"]
[Annotator "RC"]
[PlyCount "101"]
[EventDate "2024.01.12"]
[EventType "tourn"]
[EventCountry "USA"]
[SourceTitle "playchess.com"]
[Source "ChessBase"]
[SourceQuality "1"]
[TimeControl "5400+30"]

1. e4 c5 2. Nf3 Nc6 3. d4 cxd4 4. Nxd4 Nf6 5. Nc3 d6 6. Bg5 e6 7. Qd2 a6 8. O-O-O Bd7 9. f3 b5 10. Nxc6 Bxc6 11. h4 h6 12. Be3 h5 13. Bf4 b4 14. Ne2 e5 15. Bg5 Qa5 16. Kb1 O-O-O 17. Nc1 d5 18. Nb3 Qb6 19. exd5 Rxd5 20. Bd3 Be7 21. Qe2 Bb5 22. Bxb5 Qxb5 23. Qe3 Rhd8 24. Rxd5 Nxd5 25. Qa7 Qb7 26. Qxb7+ Kxb7 27. Bxe7 Nxe7 28. Kc1 Kc6 29. Re1 Rd5 30. Re4 a5 31. a3 Kb5 32. c4+ bxc3 33. bxc3 Kb6 34. c4 Rd8 35. Rxe5 Nc6 36. Rb5+ Kc7 37. Nxa5 Rd4 38. Nxc6 Rxc4+ 39. Kb2 Kxc6 40. Rxh5 Rd4 41. Kc3 Ra4 42. Rh7 Kc5 43. Kb3 Rd4 44. Rxg7 Rd3+ 45. Kb2 f5 46. h5 Kc4 47. h6 Rb3+ 48. Ka2 Re3 49. h7 Re2+ 50. Kb1 Kc3 51. Rc7+ 1-0

[Event "1000GM MLK Day RR IM-Norm 2024"]
[Site "Sunnyvale"]
[Date "2024.01.21"]
[Round "8.4"]
[White "Figueredo Losada, Leonel"]
[Black "Bansal, Advay"]
[Result "1-0"]
[ECO "B98"]
[WhiteElo "2381"]
[BlackElo "2253"]
[Annotator "RC"]
[PlyCount "95"]
[EventDate "2024.01.12"]
[EventType "tourn"]
[EventCountry "USA"]
[SourceTitle "playchess.com"]
[Source "ChessBase"]
[SourceQuality "1"]
[TimeControl "5400+30"]

1. e4 c5 2. Nf3 d6 3. d4 cxd4 4. Nxd4 Nf6 5. Nc3 a6 6. Bg5 e6 7. Qd3 Be7 8. f4 Qc7 9. O-O-O Nbd7 10. Be2 b5 11. Bf3 Bb7 12. Bxf6 Nxf6 13. e5 dxe5 14. Ndxb5 axb5 15. Qxb5+ Kf8 16. Qxb7 Qxb7 17. Bxb7 Rb8 18. fxe5 Rxb7 19. exf6 Bxf6 20. Rd3 Ke7 21. Re1 Bg5+ 22. Kb1 Rc8 23. a4 f5 24. Nb5 Bf6 25. b3 Rc6 26. c4 g6 27. Kc2 e5 28. Rd5 h5 29. c5 e4 30. b4 Ke6 31. Rdd1 Ke7 32. Kb3 Be5 33. Kc4 Bxh2 34. Nd4 Rc8 35. b5 Ra7 36. Kb4 Rd7 37. Nc6+ Ke6 38. a5 Bg3 39. Rh1 Rxd1 40. Rxd1 e3 41. Nd4+ Kf6 42. Ne2 Be5 43. b6 h4 44. b7 Re8 45. a6 Bb8 46. c6 h3 47. a7 Bxa7 48. c7 1-0

[Event "1000GM MLK Day RR IM-Norm 2024"]
[Site "Sunnyvale"]
[Date "2024.01.21"]
[Round "8.5"]
[White "Dominguez Aguilar, Guillermo"]
[Black "Guo, Andrew"]
[Result "0-1"]
[ECO "B31"]
[WhiteElo "2319"]
[BlackElo "2255"]
[Annotator "RC"]
[PlyCount "52"]
[EventDate "2024.01.12"]
[EventType "tourn"]
[EventCountry "USA"]
[SourceTitle "playchess.com"]
[Source "ChessBase"]
[SourceQuality "1"]
[TimeControl "5400+30"]

1. e4 c5 2. Nf3 Nc6 3. Bb5 g6 4. O-O Bg7 5. c3 Qb6 6. Na3 Nf6 7. Re1 O-O 8. h3 Qc7 9. e5 Nd5 10. d4 cxd4 11. cxd4 d6 12. Bc4 Nb6 13. Bf4 dxe5 14. dxe5 Nxc4 15. Nxc4 Be6 16. Rc1 Rfd8 17. Qe2 Rac8 18. b3 h6 19. a4 b6 20. Qe3 Kh7 21. Nfd2 Qb7 22. Qf3 Bd5 23. Qg3 Nd4 24. Qc3 Bxg2 25. Qg3 Bd5 26. Ne3 Rxc1 0-1

[Event "1000GM MLK Day RR IM-Norm 2024"]
[Site "Sunnyvale"]
[Date "2024.01.22"]
[Round "9.2"]
[White "Bansal, Advay"]
[Black "Dominguez Aguilar, Guillermo"]
[Result "1-0"]
[ECO "B27"]
[WhiteElo "2253"]
[BlackElo "2319"]
[Annotator "RC"]
[PlyCount "77"]
[EventDate "2024.01.12"]
[EventType "tourn"]
[EventCountry "USA"]
[SourceTitle "playchess.com"]
[Source "ChessBase"]
[SourceQuality "1"]
[TimeControl "5400+30"]

1. e4 c5 2. Nf3 g6 3. d4 cxd4 4. Qxd4 Nf6 5. Nc3 Nc6 6. Qa4 Bg7 7. e5 Ng8 8. Bf4 f6 9. exf6 Nxf6 10. O-O-O O-O 11. Bc4+ Kh8 12. Rhe1 d6 13. Ng5 e5 14. Be3 Qe7 15. f3 h6 16. Nge4 Nxe4 17. Nxe4 Nd4 18. c3 Qc7 19. Bd5 a5 20. Qa3 Rd8 21. Kb1 Nf5 22. Bf2 Ra6 23. Qb3 Ne7 24. Bc4 a4 25. Qb4 Nc6 26. Qa3 Ra5 27. Rxd6 Bf8 28. Rxd8 Qxd8 29. Bc5 Rxc5 30. Nxc5 Qd2 31. Rf1 Qxg2 32. Qxa4 Bxc5 33. Qb5 Bf5+ 34. Ka1 Bf8 35. Qd5 Ne7 36. Qxe5+ Kh7 37. Qf6 Bg7 38. Qxe7 b5 39. Qe2 1-0

[Event "1000GM MLK Day RR IM-Norm 2024"]
[Site "Sunnyvale"]
[Date "2024.01.22"]
[Round "9.3"]
[White "Chiang, Jacob"]
[Black "Figueredo Losada, Leonel"]
[Result "1/2-1/2"]
[ECO "D31"]
[WhiteElo "2200"]
[BlackElo "2381"]
[Annotator "RC"]
[PlyCount "220"]
[EventDate "2024.01.12"]
[EventType "tourn"]
[EventCountry "USA"]
[SourceTitle "playchess.com"]
[Source "ChessBase"]
[SourceQuality "1"]
[TimeControl "5400+30"]

1. c4 e6 2. Nc3 d5 3. d4 Bb4 4. Nf3 dxc4 5. e3 b5 6. a4 c6 7. axb5 cxb5 8. Bd2 Qb6 9. Be2 Nf6 10. O-O O-O 11. Qc2 Bb7 12. Ne5 Nc6 13. b3 cxb3 14. Qxb3 a5 15. Nxb5 Nxe5 16. Bxb4 axb4 17. dxe5 Nd5 18. Nd6 Nc3 19. Bf3 Bxf3 20. gxf3 Qc5 21. f4 Qc6 22. e4 Qc5 23. Kg2 Qd4 24. Rae1 Ra2 25. Nb5 Qd2 26. Qxb4 Nxb5 27. Qxb5 Qxf4 28. Qb3 Ra5 29. Qg3 Qxe5 30. Qxe5 Rxe5 31. f3 Rc8 32. Rc1 Rxc1 33. Rxc1 g6 34. Kg3 Kg7 35. Rc4 Ra5 36. Rc7 Kf6 37. Rb7 Rg5+ 38. Kf2 Rh5 39. Kg3 g5 40. Ra7 Rh4 41. Rb7 Rf4 42. h3 Kg6 43. Rb8 Kg7 44. Rb5 h6 45. Rb8 Rf6 46. Rb5 Rg6 47. Kg4 Kh7 48. f4 gxf4+ 49. Kxf4 Rg1 50. h4 Kg7 51. Ra5 Rb1 52. Rc5 Rb4 53. Kf3 Kf6 54. Rh5 Kg6 55. Re5 Rb1 56. Ra5 Rh1 57. Kg3 Rg1+ 58. Kf3 Rh1 59. Kg3 h5 60. Ra8 Kg7 61. Ra5 Kh6 62. Ra8 Rb1 63. Kf3 Rb3+ 64. Kg2 Re3 65. Rh8+ Kg7 66. Rxh5 Rxe4 67. Kg3 f6 68. Ra5 f5 69. Ra7+ Kg6 70. Ra8 Rg4+ 71. Kh3 Kf6 72. Ra6 Rg8 73. Ra4 Rb8 74. Ra3 Rb4 75. Rg3 e5 76. h5 f4 77. Rg8 Rb1 78. Kg2 e4 79. h6 Rb7 80. Rg4 Kf5 81. Rg7 Rb6 82. h7 Rh6 83. Rf7+ Ke5 84. Kf2 Rh4 85. Re7+ Kf5 86. Rf7+ Kg5 87. Rg7+ Kf6 88. Rg4 Rh2+ 89. Kg1 Rxh7 90. Rxf4+ Ke5 91. Rf8 Kd4 92. Ra8 Rf7 93. Ra4+ Kd3 94. Ra3+ Kc2 95. Ra2+ Kb3 96. Re2 Rf4 97. Rf2 Rh4 98. Kf1 Kc3 99. Ke2 Kd4 100. Rg2 Rh3 101. Rg8 Rh2+ 102. Kf1 Kd3 103. Rd8+ Ke3 104. Ra8 Rh1+ 105. Kg2 Rd1 106. Re8 Re1 107. Ra8 Rd1 108. Re8 Rd4 109. Re7 Kd3 110. Kf2 Rd5 1/2-1/2

[Event "1000GM MLK Day RR IM-Norm 2024"]
[Site "Sunnyvale"]
[Date "2024.01.22"]
[Round "9.4"]
[White "Delgado Ramirez, Neuris"]
[Black "Guo, Ethan"]
[Result "1-0"]
[ECO "B23"]
[WhiteElo "2517"]
[BlackElo "2099"]
[Annotator "TA"]
[PlyCount "69"]
[EventDate "2024.01.12"]
[EventType "tourn"]
[EventCountry "USA"]
[SourceTitle "playchess.com"]
[Source "ChessBase"]
[SourceQuality "1"]
[TimeControl "5400+30"]

1. e4 c5 2. Nc3 d6 3. f4 g6 4. d4 cxd4 5. Qxd4 Nf6 6. Nf3 Bg7 7. Bd3 O-O 8. Qf2 {[%emt 0:00:06] The position is equal.} Nc6 9. O-O Bg4 (9... e5 {keeps more tension.} 10. Qh4 d5 11. fxe5 Nxe4 12. Qxd8 Rxd8 13. Nxd5 Ng3) 10. a3 Bxf3 11. Qxf3 Rc8 12. Be3 Nd7 13. Rad1 Qa5 14. Kh1 Nc5 (14... Bxc3 {is interesting.} 15. bxc3 Qxc3 16. Qh3 Nc5) 15. Bd2 {[%emt 0:04:33] aiming for b4.} Nxd3 16. Qxd3 Qb6 17. Bc1 a6 (17... Bxc3 $11 18. Qxc3 Nb8) 18. Nd5 $14 Qd8 19. c3 b5 20. f5 Ne5 (20... e6 $1 $14) 21. Qh3 $16 Rc4 22. Rde1 ({Don't play} 22. Bg5 $6 f6 23. Be3 (23. fxg6 hxg6 24. Be3 Rxe4 $11) 23... Rxe4 $11) 22... Re8 23. Bg5 {[%emt 0:01:19] f6 would be deadly.} f6 (23... Nd7 $142) 24. Bf4 {[%emt 0:03:26] Strongly threatening Bxe5. White is more active.} g5 (24... Rc6 $16 25. Nb4 Rb6) 25. Bxe5 $1 $18 dxe5 26. Qf3 (26. Rd1 $18) 26... e6 27. fxe6 Rxe6 28. Rd1 {[%emt 0:00:20] Black must now prevent Ne3.} Rd6 29. Ne3 Rc7 {[%emt 0:00:24] [#]} 30. Rxd6 $1 Qxd6 {[%emt 0:00:09] [#]} 31. Rd1 $1 Qf8 {[%emt 0:00:29] White has a decisive advantage.} 32. Nf5 h6 33. Rd6 a5 {[%emt 0:00:15] Black is weak on the light squares} 34. Qd3 {[%emt 0:00:18] Threatens to win with Rd8.} Kh7 35. Qxb5 {[%emt 0:02:41] Weighted Error Value: White=0.09 (flawless) /Black=0.22 (precise)} 1-0

[Event "1000GM MLK Day RR IM-Norm 2024"]
[Site "Sunnyvale"]
[Date "2024.01.22"]
[Round "9.5"]
[White "Arenas, David"]
[Black "Tang, Dylan"]
[Result "1/2-1/2"]
[ECO "C68"]
[WhiteElo "2406"]
[BlackElo "2206"]
[Annotator "RC"]
[PlyCount "64"]
[EventDate "2024.01.12"]
[EventType "tourn"]
[EventCountry "USA"]
[SourceTitle "playchess.com"]
[Source "ChessBase"]
[SourceQuality "1"]
[TimeControl "5400+30"]

1. e4 e5 2. Nf3 Nc6 3. Bb5 a6 4. Bxc6 dxc6 5. d4 exd4 6. Qxd4 Qxd4 7. Nxd4 Bd7 8. Be3 O-O-O 9. Nc3 Ne7 10. O-O-O Ng6 11. f3 f6 12. Nde2 Bd6 13. Na4 Kb8 14. Nc5 Bc8 15. Nd3 Rhe8 16. Nc3 b6 17. g4 Ne5 18. Nxe5 fxe5 19. h4 Rf8 20. Rh3 Rf7 21. Rg3 Rdf8 22. Rf1 Bb7 23. Nb1 a5 24. a3 Kc8 25. Nd2 Kd7 26. g5 Re7 27. Rf2 c5 28. h5 Ke6 29. Nf1 Bc6 30. Nd2 Bb7 31. Nf1 Bc6 32. Nd2 Bb7 1/2-1/2